[Event "*** Titled Tuesday Blitz"]
[Site "Chess.com"]
[Date "2020.05.19"]
[Round "2"]
[White "crazy_but_lazy"]
[Black "yobdc"]
[Result "0-1"]
[WhiteElo "2344"]
[BlackElo "1957"]
[TimeControl "180+1"]
[EndTime "12:17:58 PDT"]
[Termination "yobdc won by resignation"]

1. e4 e5 2. Nf3 Nc6 3. Bb5 a6 4. Ba4 Nf6 5. O-O Be7 6. Re1 b5 7. Bb3 d6 8. c3 O-O 9. h3 Na5 10. Bc2 c5 11. d4 Qc7 12. d5 c4 13. b4 Nb7 14. a4 Rb8 15. Be3 Nd8 16. Nbd2 Bd7 17.
Ra3 Ne8 18. Nf1 g6 19. Ng3 Ng7 20. axb5 axb5 21. Ra7 Rb7 22. Qa1 f5 23. Bh6 f4 24.
Rxb7 Qxb7 25. Nf1 Nf7 26. Bxg7 Ra8 27. Qb2 Kxg7 28. Ra1 Bd8 29. Ra3 Bb6 30. N1h2 h5 31. h4 Ra7 32. Qa1 Kf6 33. Kf1 Nh6 34. Rxa7 Bxa7 35.
Bd1 Ng4 36. Qa2 Nxf2 37. Be2 Ng4 38. Nxg4+ hxg4 39. Ng5 Qb6 40. Ke1 Qf2+ 41. Kd2 Be3+ 42. Kd1 Qg1+ 0-1

[Event "*** Titled Tuesday Blitz"]
[Site "Chess.com"]
[Date "2020.05.19"]
[Round "2"]
[White "NicoChasin"]
[Black "Corpescador"]
[Result "1-0"]
[WhiteElo "2641"]
[BlackElo "2366"]
[TimeControl "180+1"]
[EndTime "12:17:59 PDT"]
[Termination "NicoChasin won on time"]

1. e4 c5 2. Nf3 d6 3. d4 cxd4 4.
Nxd4 Nf6 5. Nc3 a6 6. Be3 e5 7. Nf3 Be7 8. Bc4 O-O 9. Qd2 Nc6 10. Bg5 Ne8 11. Bxe7 Qxe7 12. O-O-O Be6 13. Nd5 Qd8 14.
Ng5 Na5 15. Be2 h6 16. Nf3 Rc8 17. Qb4 b5 18. Ne3 Nc6 19. Qa3 Qb6 20. Nd5 Bxd5 21.
exd5 Ne7 22. Qe3 Qc7 23. c3 Nf6 24. Nh4 Nfxd5 25. Qg3 Nf4 26. Bf1 b4 27. c4 d5 28.
b3 a5 29. Kb1 d4 30. Qf3 a4 31. g3 Ne6 32. Bd3 axb3 33. axb3 Ra8 34. Qe4 f5 35. Nxf5 Nxf5 36. Qd5 Qf7 37. Rhe1 Rad8 38. Qxe5 Nc7 39. f4 1-0

[Event "*** Titled Tuesday Blitz"]
[Site "Chess.com"]
[Date "2020.05.19"]
[Round "2"]
[White "RestartingChess"]
[Black "nitpicker"]
[Result "1-0"]
[WhiteElo "2552"]
[BlackElo "2292"]
[TimeControl "180+1"]
[EndTime "12:17:59 PDT"]
[Termination "RestartingChess won on time"]

1. e4 e6 2. d4 d5 3. exd5 exd5 4. c4 Nf6 5. Nc3 Be7 6. Bd3 O-O 7. Nge2 Bg4 8. Be3 c6 9. O-O Nbd7 10. h3 Bh5 11. b3 Re8 12. Qc2 Bg6 13. Bxg6 hxg6 14. Rae1 Bb4 15.
Nf4 Ne4 16. Nxe4 Rxe4 17. Rc1 Nf6 18. cxd5 cxd5 19. Qc7 Bd6 20. Qxd8+ Rxd8 21. Nd3 b6 22. Rc6 Re6 23. Rfc1 Ne4 24. Rc8 Ree8 25. Rxd8 Rxd8 26. Rc6 f6 27. Bf4 Rd7 28. Bxd6 Nxd6 29. Nf4 Nf5 30. Nxg6 Nxd4 31. Rc8+ Kf7 32. Nf4 g5 33. Nd3 Nf5 34.
Kf1 Nd6 35. Rc1 Ne4 36. f3 Ng3+ 37. Kf2 Nf5 38. Rd1 d4 39. Nb4 Ke6 40. g4 Ne3 41. Rd2 f5 42. Nc6 1-0

[Event "*** Titled Tuesday Blitz"]
[Site "Chess.com"]
[Date "2020.05.19"]
[Round "2"]
[White "EnergeticHay"]
[Black "Grandmaster2B"]
[Result "0-1"]
[WhiteElo "2148"]
[BlackElo "2411"]
[TimeControl "180+1"]
[EndTime "12:17:59 PDT"]
[Termination "Grandmaster2B won by resignation"]

1. e4 c5 2. Nf3 d6 3. d4 cxd4 4.
Nxd4 Nf6 5. Nc3 a6 6. h3 e5 7. Nde2 Be6 8. g4 d5 9. exd5 Nxd5 10.
Bg2 Nxc3 11. Qxd8+ Kxd8 12. Nxc3 Nc6 13. O-O Kc7 14.
f4 exf4 15. Bxf4+ Bd6 16. Bxd6+ Kxd6 17. Rad1+ Kc7 18. Bd5 Rhf8 19. a3 Rad8 20. Bxe6 fxe6 21. Rxf8 Rxf8 22. Kg2 h6 23. Rd3 b6 24. Ne4 Ne5 25.
Rc3+ Kd7 26. Rb3 Nc4 27. Rb4 Ne3+ 28. Kg3 Kc6 29. Rb3 Nc4 30. Rc3 Kd5 31. b4 Kd4 32. Rf3 Rxf3+ 33. Kxf3 Ne5+ 34. Kf4 g5+ 35. Nxg5 Ng6+ 36.
Kg3 hxg5 0-1

[Event "*** Titled Tuesday Blitz"]
[Site "Chess.com"]
[Date "2020.05.19"]
[Round "2"]
[White "Boudicca64"]
[Black "kleopl"]
[Result "0-1"]
[WhiteElo "2019"]
[BlackElo "2374"]
[TimeControl "180+1"]
[EndTime "12:17:59 PDT"]
[Termination "kleopl won by resignation"]

1. e4 d5 2. exd5 Qxd5 3. Nc3 Qd6 4. d4 Nf6 5. h3 Bf5 6. Nf3 e6 7. Bd3 Bxd3 8. Qxd3 a6 9. O-O c5 10. Be3 cxd4 11.
Bxd4 Be7 12. Rad1 Nc6 13. Bxf6 Qxd3 14. Rxd3 Bxf6 15. Ne4 Be7 16. Rfd1 Rd8 17. c4 h5 18.
c5 g6 19. a3 f5 20. b4 fxe4 21.
Rxd8+ Nxd8 22. Nd4 Kf7 23. Kf1 Bf6 24. Nb3 Ke7 25. Na5 Bb2 26. Re1 Bxa3 27. Rxe4 Rf8 28. Ke2 Rf5 29. Nc4 Bxb4 30. Ne3 Bxc5 31. Nxf5+ gxf5 32.
Rc4 b6 33. g4 hxg4 34. hxg4 fxg4 35. Rxg4 a5 36. f3 Nc6 37. Kd3 Ne5+ 0-1

[Event "*** Titled Tuesday Blitz"]
[Site "Chess.com"]
[Date "2020.05.19"]
[Round "2"]
[White "olksuna"]
[Black "Sibelephant"]
[Result "0-1"]
[WhiteElo "2578"]
[BlackElo "3179"]
[TimeControl "180+1"]
[EndTime "12:18:00 PDT"]
[Termination "Sibelephant won by resignation"]

1. d4 d5 2. c4 c6 3. Nf3 Nf6 4. Nc3 e6 5. Bg5 Nbd7 6. e3 Qa5 7.
Nd2 dxc4 8. Bxf6 Nxf6 9. Nxc4 Qc7 10. g3 Be7 11. Bg2 O-O 12. O-O Rd8 13. Qe2 b6 14. Rfd1 Bb7 15. Rac1 Rac8 16. e4 Ba6 17. e5 Nd5 18.
Ne4 c5 19. Qe1 Bxc4 20. Rxc4 b5 21. Rcc1 c4 22. a4 bxa4 23. Ra1 Qb6 24. Qe2 Nb4 25. Rxa4 Rxd4 26. Rda1 a6 27. h4 h6 28. h5 Rcd8 29. Qg4 Kh8 30. Qf4 Rf8 31. Kh2 Nd3 32. Qe3 Nxe5 33. Rxa6 Ng4+ 34. Kh3 Nxe3 35. Rxb6 Nxg2 36.
Nc3 Nh4 37. gxh4 Rxh4+ 38. Kg3 Rxh5 39. Ra7 Rg5+ 40. Kf3 Rf5+ 41. Ke2 Bc5 0-1

[Event "*** Titled Tuesday Blitz"]
[Site "Chess.com"]
[Date "2020.05.19"]
[Round "2"]
[White "Nathan_Filgueiras"]
[Black "Bubi6"]
[Result "0-1"]
[WhiteElo "2327"]
[BlackElo "2618"]
[TimeControl "180+1"]
[EndTime "12:18:01 PDT"]
[Termination "Bubi6 won by resignation"]

1. e4 Nf6 2. e5 Nd5 3. d4 d6 4. c4 Nb6 5. exd6 cxd6 6. Nc3 g6 7.
Be3 Bg7 8. Rc1 O-O 9. b3 Nc6 10. d5 Ne5 11. Be2 h5 12. h3 e6 13.
f4 Qh4+ 14. Kf1 Ng4 15. Bxg4 hxg4 16. Qe1 Qxe1+ 17. Kxe1 Bxc3+ 18. Rxc3 exd5 19. hxg4 Bxg4 20. Kf2 dxc4 21. bxc4 Rac8 22. c5 Nd5 23. Bd4 f6 24. Rg3 Bf5 25. cxd6 Rc2+ 26. Kf1 Rc1+ 27. Kf2 Rd1 28.
Bc3 Nxf4 29. Ne2 Nd3+ 30. Rxd3 Rxd3 31. Bd4 Bg4 32. Rh4 Bf5 33. g4 Bd7 34. g5 fxg5+ 0-1

[Event "*** Titled Tuesday Blitz"]
[Site "Chess.com"]
[Date "2020.05.19"]
[Round "2"]
[White "pawnwonder"]
[Black "JoakimVonAnd"]
[Result "0-1"]
[WhiteElo "2204"]
[BlackElo "2440"]
[TimeControl "180+1"]
[EndTime "12:18:01 PDT"]
[Termination "JoakimVonAnd won by resignation"]

1. e4 c6 2. d4 d5 3. Nc3 dxe4 4.
Nxe4 Bf5 5. Ng3 Bg6 6. h4 h6 7. Nf3 Nf6 8. Ne5 Bh7 9. Bc4 e6 10. Qe2 Nd5 11. Bb3 Nd7 12. Bd2 Bd6 13. O-O-O Qc7 14. Rhe1 Bxe5 15. dxe5 Nc5 16. Qg4 Rg8 17.
Qc4 Nxb3+ 18. Qxb3 O-O-O 19. Qa3 Kb8 20. f4 Rd7 21. c4 Nb6 22. Ba5 Rgd8 23. Rxd7 Qxd7 24. Qc3 Qd3 25. Qxd3 Rxd3 26. Nh5 Nxc4 27. Bc3 Ne3 28. Nxg7 Nxg2 29. Rg1 Nxf4 30. Ne8 Ne2+ 0-1

[Event "*** Titled Tuesday Blitz"]
[Site "Chess.com"]
[Date "2020.05.19"]
[Round "2"]
[White "yuki_chess123"]
[Black "INLOVEWITHF"]
[Result "1-0"]
[WhiteElo "2145"]
[BlackElo "2391"]
[TimeControl "180+1"]
[EndTime "12:18:01 PDT"]
[Termination "yuki_chess123 won by resignation"]

1. e4 e5 2. Nf3 Nc6 3. Bb5 a6 4. Ba4 d6 5. c4 Nf6 6. Nc3 Bg4 7. O-O Be7 8. Bxc6+ bxc6 9. d4 exd4 10. Qxd4 Bxf3 11. gxf3 O-O 12. Kh1 Qd7 13. Rg1 Qe6 14. b3 Nh5 15. Bg5 Bf6 16. Bxf6 Qxf6 17. Qxf6 Nxf6 18.
Rad1 Nd7 19. Rge1 Rfe8 20. Kg2 Nc5 21. f4 f6 22. f3 a5 23. Kf2 Kf7 24. f5 Rab8 25.
h4 Rb4 26. Ne2 a4 27. Nd4 axb3 28. axb3 Nxb3 29. Rb1 Nxd4 30. Rxb4 Nc2 31. Rb7 Nxe1 32. Rxc7+ Re7 33. Rxe7+ Kxe7 34. Kxe1 Kd7 35. Kd2 Kc7 36.
Kd3 c5 37. h5 Kd7 38. f4 Ke7 39.
Kc3 Kd7 40. Kb3 Kc6 41. Ka4 Kb6 42. Kb3 h6 43. Ka4 Ka6 44. Kb3 Kb7 45. Ka4 Kc6 46. Ka5 Kc7 47. Ka6 Kc6 48. Ka7 Kc7 49. Ka6 Kc6 50. Ka7 Kc7 1-0

[Event "*** Titled Tuesday Blitz"]
[Site "Chess.com"]
[Date "2020.05.19"]
[Round "2"]
[White "JuliaEfremova"]
[Black "kot60"]
[Result "1-0"]
[WhiteElo "2095"]
[BlackElo "2380"]
[TimeControl "180+1"]
[EndTime "12:18:01 PDT"]
[Termination "JuliaEfremova won on time"]

1. d4 Nf6 2. Bf4 g6 3. Nc3 d5 4. Qd2 Bg7 5. O-O-O O-O 6. Bh6 Be6 7. h4 Bxh6 8. Qxh6 Ng4 9. Qf4 Qd6 10. Qf3 h5 11.
Nh3 c6 12. e4 dxe4 13. Nxe4 Qd5 14. c4 Qf5 15. Nhg5 Bc8 16. Bd3 Qxf3 17. gxf3 Nh6 18. Rdg1 Bf5 19. Bc2 Nd7 20. Ng3 Bxc2 21. Kxc2 Nf6 22.
N5e4 Nxe4 23. fxe4 Kh7 24. f3 Rad8 25. Kc3 Rd7 26.
Ne2 Rfd8 27. Rh2 Ng8 28. Rhg2 e6 29. Rg5 Nh6 30. b4 Rg8 31. Nf4 Rgd8 32. Rd1 Ng8 33.
a4 Ne7 34. Nxh5 gxh5 35. Rxh5+ Kg7 36. Rg5+ 1-0

[Event "*** Titled Tuesday Blitz"]
[Site "Chess.com"]
[Date "2020.05.19"]
[Round "2"]
[White "Ceejay271"]
[Black "Ariadna_Atreides"]
[Result "1-0"]
[WhiteElo "2388"]
[BlackElo "2063"]
[TimeControl "180+1"]
[EndTime "12:18:01 PDT"]
[Termination "Ceejay271 won on time"]

1. d4 e6 2. c4 Bb4+ 3. Nc3 Nf6 4. g3 d5 5. Bg2 O-O 6. Nf3 dxc4 7. O-O c5 8. dxc5 Bxc5 9. Qxd8 Rxd8 10. Ne5 Nc6 11. Nxc4 Bd7 12. Bf4 Rac8 13. Nd6 Bxd6 14. Bxd6 Ne8 15. Ba3 a6 16. Rac1 b5 17. Bc5 Nf6 18.
Rfd1 e5 19. Bb6 Re8 20. Nd5 Nxd5 21. Bxd5 Nd4 22. Kf1 Bh3+ 23. Ke1 Nc2+ 24. Kd2 Nb4 25. Rxc8 Rxc8 26. Bb3 g6 27. Rc1 Rxc1 28. Kxc1 Be6 29. Bxe6 fxe6 30. Bc5 Nc6 31. Kd2 Kf7 32. Ke3 Kf6 33.
Ke4 h5 34. h4 a5 35. b3 b4 36. f3 Kf7 37. e3 Kf6 38. Bd6 g5 39. hxg5+ Kxg5 40. Bxe5 Ne7 41. Bc7 Nd5 42. Bxa5 Nc3+ 43. Kd3 1-0

[Event "*** Titled Tuesday Blitz"]
[Site "Chess.com"]
[Date "2020.05.19"]
[Round "2"]
[White "Nikithebest"]
[Black "dennisodessa"]
[Result "1-0"]
[WhiteElo "2446"]
[BlackElo "2219"]
[TimeControl "180+1"]
[EndTime "12:18:02 PDT"]
[Termination "Nikithebest won by resignation"]

1. e4 e6 2. d3 d5 3. Qe2 c5 4. Nf3 Nf6 5. g3 b6 6. e5 Nfd7 7. c4 Bb7 8. Bg2 Nc6 9. O-O dxc4 10. dxc4 Nd4 11. Nxd4 Bxg2 12. Kxg2 cxd4 13. Rd1 Bc5 14. Nd2 O-O 15. Nf3 Qc7 16. Bf4 h6 17. h4 Rfd8 18.
Nxd4 a6 19. Qe4 Rac8 20. b3 Bxd4 21. Qxd4 Nc5 22. Qe3 a5 23. Qf3 a4 24. Rd6 f5 25.
Rad1 Ne4 26. Rxd8+ Rxd8 27. Rd3 Nc5 28. Rd1 axb3 29.
axb3 Ne4 30. h5 Rd2 1-0

[Event "*** Titled Tuesday Blitz"]
[Site "Chess.com"]
[Date "2020.05.19"]
[Round "2"]
[White "AleksanderHnydiuk"]
[Black "pfalcon1949"]
[Result "1-0"]
[WhiteElo "2584"]
[BlackElo "1959"]
[TimeControl "180+1"]
[EndTime "12:18:03 PDT"]
[Termination "AleksanderHnydiuk won by resignation"]

1. Nf3 Nf6 2. c4 e6 3. g3 d5 4. d4 Be7 5. Bg2 O-O 6. Qc2 dxc4 7. Qxc4 a6 8. Qc2 b5 9. Ne5 Ra7 10. O-O Bb7 11. Bxb7 Rxb7 12. Rd1 Nd5 13. Nc3 f6 14. Nd3 Nd7 15. Nxd5 exd5 16. Nf4 Nb6 17. Ne6 Qd7 18. Nxf8 Bxf8 19. Bf4 Bd6 20. Bxd6 Qxd6 21. Rac1 Nc4 22. b3 Na3 23. Qc6 Qxc6 24. Rxc6 b4 25. Rxa6 Nb5 26. e3 Nc3 27. Rd2 h6 28. Rc2 Kh7 29. a3 Ne4 30. axb4 Rxb4 31. Rxc7 Rxb3 32. Ra2 Ng5 33. Kg2 h5 34. Rd7 Rb5 35. Raa7 Ne6 36. Re7 Ng5 37. Rxg7+ Kh6 38. h4 Ne4 39. Rh7+ Kg6 40.
Rag7+ Kf5 41. Rxh5+ Ke6 42. Rg4 Rb2 43. Rxe4+ dxe4 44.
g4 Rb7 45. Kg3 Rg7 46. Kf4 Rg6 47. Ra5 Kf7 48. Kf5 Rh6 49. h5 Rh8 50. Ra7+ 1-0

[Event "*** Titled Tuesday Blitz"]
[Site "Chess.com"]
[Date "2020.05.19"]
[Round "2"]
[White "ehrenfeld"]
[Black "Last7Samurai"]
[Result "0-1"]
[WhiteElo "2441"]
[BlackElo "2829"]
[TimeControl "180+1"]
[EndTime "12:18:05 PDT"]
[Termination "Last7Samurai won on time"]

1. e4 e5 2. Nc3 Nf6 3. f4 d5 4. fxe5 Nxe4 5. Qf3 Nxc3 6. bxc3 Nc6 7. d4 Be7 8. Bd3 O-O 9. Ne2 f6 10. Qh5 f5 11. Nf4 Na5 12. g4 Bh4+ 13. Kd1 Bg5 14. gxf5 Bxf5 15. Ne6 Qe8 16. Qxe8 Raxe8 17. Nxg5 h6 18.
Bxf5 Rxf5 19. Nh3 Ref8 20. Re1 Rf3 21. Ng1 Rf2 22. Ba3 Re8 23. h4 Nc4 24. Bc1 Rg2 25. Ne2 Rf8 26. a4 Rff2 27. a5 a6 28. Ra4 Kf8 29.
Rxc4 dxc4 0-1

[Event "*** Titled Tuesday Blitz"]
[Site "Chess.com"]
[Date "2020.05.19"]
[Round "2"]
[White "AustrianFalcon"]
[Black "CMS13"]
[Result "1-0"]
[WhiteElo "2421"]
[BlackElo "2185"]
[TimeControl "180+1"]
[EndTime "12:18:05 PDT"]
[Termination "AustrianFalcon won by resignation"]

1. Nf3 d5 2. c4 e6 3. b3 Nf6 4. Bb2 Be7 5. g3 O-O 6. Bg2 c6 7. O-O Nbd7 8. d3 Qc7 9. Nbd2 e5 10. cxd5 cxd5 11. Rc1 Qd6 12. Rc2 Re8 13. Qa1 Bf8 14.
Rfc1 e4 15. dxe4 dxe4 16. Nc4 Qd5 17. Ne3 Qh5 18. Nd4 Nb6 19. a4 Bh3 20. Bxh3 Qxh3 21. Ndf5 g6 22. Bxf6 gxf5 23. a5 Nd7 24. Nd5 Re6 25.
Nf4 Qh6 26. Nxe6 fxe6 27. Bd4 Re8 28. Rc8 Re7 29. R1c7 f4 30. Bc5 f3 31. exf3 exf3 32. Bxe7 Qh3 33. Qf1 Qh6 34. Rxd7 e5 35. Rxf8+ Kg7 36.
Bg5+ Kxf8 37. Bxh6+ Kg8 38. Qb5 1-0

[Event "*** Titled Tuesday Blitz"]
[Site "Chess.com"]
[Date "2020.05.19"]
[Round "2"]
[White "bsnsun"]
[Black "L_lorenzo"]
[Result "1-0"]
[WhiteElo "2481"]
[BlackElo "1998"]
[TimeControl "180+1"]
[EndTime "12:18:06 PDT"]
[Termination "bsnsun won on time"]

1. Nf3 c5 2. c4 Nf6 3. g3 Nc6 4. Bg2 e5 5. Nc3 d6 6. a3 a5 7. O-O g6 8. Ne1 Bg7 9. Nc2 O-O 10. Ne3 Be6 11. Ned5 Nd7 12. d3 f5 13. Rb1 h6 14.
Bd2 g5 15. b4 axb4 16. axb4 b6 17. bxc5 bxc5 18. Nb5 Rb8 19. Nxd6 Rxb1 20. Qxb1 Nd4 21. e3 Ne2+ 22. Kh1 f4 23. Bf3 fxe3 24. fxe3 Nf6 25. Nxf6+ Rxf6 26. Ne4 Rxf3 27. Rxf3 Qa8 28. Rf2 Bg4 29. Qf1 Qd8 30. Nf6+ Bxf6 31. Rxf6 1-0

[Event "*** Titled Tuesday Blitz"]
[Site "Chess.com"]
[Date "2020.05.19"]
[Round "2"]
[White "Keithonsky"]
[Black "AlanZhang"]
[Result "1-0"]
[WhiteElo "2435"]
[BlackElo "2205"]
[TimeControl "180+1"]
[EndTime "12:18:06 PDT"]
[Termination "Keithonsky won on time"]

1. d4 Nf6 2. c4 e6 3. Nf3 d5 4. g3 dxc4 5. Bg2 c6 6. Ne5 b5 7. Nxc6 Qb6 8. Nxb8 Rxb8 9. O-O Bb7 10. Nc3 Be7 11.
e4 O-O 12. Be3 Rfd8 13. a4 b4 14. d5 Qa5 15. Nb5 exd5 16. e5 Ne4 17. Bxa7 Rbc8 18.
Bd4 c3 19. b3 Ba6 20. Qe2 Nc5 21. Rab1 Bxb5 22. axb5 Ne6 23. Qd3 Nxd4 24. Qxd4 c2 25.
Rbc1 Qxb5 26. Qd2 Qc5 27. Rfe1 h6 28. Bh3 Bg5 29. Qd3 Bxc1 30. Rxc1 Rc7 31. Bf5 Qc3 32.
Qe2 Qb2 33. Rxc2 Rxc2 34. Bxc2 g6 35. e6 f5 36. e7 Re8 37. Qe6+ Kg7 38. Qd7 Qc1+ 39.
Kg2 1-0

[Event "*** Titled Tuesday Blitz"]
[Site "Chess.com"]
[Date "2020.05.19"]
[Round "2"]
[White "AsaHoffmann"]
[Black "KafkaesqueKnight"]
[Result "1/2-1/2"]
[WhiteElo "2400"]
[BlackElo "2145"]
[TimeControl "180+1"]
[EndTime "12:18:06 PDT"]
[Termination "Game drawn by agreement"]

1. d4 Nf6 2. Bg5 d5 3. Nd2 c5 4.
e3 Nc6 5. c3 Bf5 6. Bb5 e6 7. Ngf3 Be7 8. O-O O-O 9. Bxc6 bxc6 10. Ne5 Qc7 11. Qa4 Rfc8 12. f4 Rab8 13. b3 h6 14. Bxf6 Bxf6 15. dxc5 Bxe5 16. fxe5 Qxe5 17. Qd4 Qxd4 18. exd4 Bd3 19. Rf3 Bg6 20. b4 Re8 21. Re1 a5 22. a3 axb4 23. axb4 Ra8 24. Nb3 Be4 25. Rfe3 e5 26. Na5 exd4 27. cxd4 Re6 28. h3 f5 29. Ra3 Rb8 30. Rb3 g5 31. Re2 Kf7 32. Reb2 Rb5 33. Ra3 f4 34. Kf2 Ke7 35.
Rc3 Kd7 36. Re2 Re8 37. Rb2 Reb8 38. Rcb3 Re8 39. Ra3 Reb8 40. Rab3 Re8 41. Ra3 1/2-1/2

[Event "*** Titled Tuesday Blitz"]
[Site "Chess.com"]
[Date "2020.05.19"]
[Round "2"]
[White "DenLaz"]
[Black "Ural_bogatyr"]
[Result "1-0"]
[WhiteElo "2665"]
[BlackElo "2417"]
[TimeControl "180+1"]
[EndTime "12:18:08 PDT"]
[Termination "DenLaz won on time"]

1. e4 e5 2. Nf3 Nc6 3. Bc4 Nf6 4. d3 h6 5. O-O d6 6. c3 g5 7. Re1 Bg7 8. Na3 O-O 9. Nc2 Ne7 10. Bb3 Ng6 11. Ne3 c6 12. Nf5 Bxf5 13. exf5 Ne7 14. d4 e4 15. Nd2 Nxf5 16. Nxe4 Nxe4 17. Rxe4 d5 18. Re1 Nh4 19. g3 Ng6 20. Bc2 Qd6 21.
Qg4 Ne7 22. Bd2 f5 23. Qe2 Rae8 24. Qe6+ Qxe6 25. Rxe6 Kf7 26. Rae1 Bf6 27. Kg2 Rd8 28. Kf3 Rh8 29. b3 h5 30. Bc1 h4 31. Ba3 Rde8 32.
Bxe7 Rxe7 33. Rxe7+ Bxe7 34. Bxf5 hxg3 35. hxg3 Rh2 36.
Bc8 b6 37. Bb7 Rh6 38. Kg2 Rd6 39. Rh1 Kg7 40. Ba6 c5 41. Bd3 Bf6 42. Rh7+ Kf8 43. dxc5 bxc5 44. Rxa7 Bxc3 45. a4 1-0

[Event "*** Titled Tuesday Blitz"]
[Site "Chess.com"]
[Date "2020.05.19"]
[Round "2"]
[White "XDPS"]
[Black "Jadeit90"]
[Result "1-0"]
[WhiteElo "2694"]
[BlackElo "2328"]
[TimeControl "180+1"]
[EndTime "12:18:08 PDT"]
[Termination "XDPS won by resignation"]

1. d4 g6 2. e4 Bg7 3. Nf3 c5 4.
d5 d6 5. Be2 Nf6 6. Nc3 O-O 7.
O-O e6 8. dxe6 Bxe6 9. Bf4 d5 10. exd5 Nxd5 11. Nxd5 Qxd5 12. c3 Nc6 13. Qa4 Rad8 14. Ng5 h6 15. Nxe6 Qxe6 16. Bc4 Qf5 17. Be3 a6 18. Be2 Rfe8 19. Rad1 Rxd1 20. Rxd1 h5 21. h3 Kh7 22. Bd3 Qe5 23. Qb3 b5 24. Qxf7 Re6 25. Bf4 Qf6 26. Qxf6 Rxf6 27. Be3 c4 28. Be4 Ne5 29.
Rd5 Re6 30. Bd4 Kh6 31. Be3+ Kh7 32. Kf1 Nc6 33. Rxh5+ Kg8 34. Bd5 gxh5 35. Bxe6+ Kf8 36. Bc8 a5 37. Bd7 Ne5 38. Bxb5 Nd3 39. Bxc4 Nxb2 40. Bc5+ Ke8 41. Bb5+ Kd8 42. Bb6+ Kc8 43. Bxa5 1-0

[Event "*** Titled Tuesday Blitz"]
[Site "Chess.com"]
[Date "2020.05.19"]
[Round "2"]
[White "Crazy_girl99"]
[Black "Tapuah"]
[Result "0-1"]
[WhiteElo "2432"]
[BlackElo "2784"]
[TimeControl "180+1"]
[EndTime "12:18:09 PDT"]
[Termination "Tapuah won on time"]

1. e4 d6 2. d4 Nf6 3. Nc3 g6 4. Nf3 Bg7 5. Be3 O-O 6. Qd2 Nc6 7.
Bh6 Bg4 8. Bxg7 Kxg7 9. O-O-O e5 10. dxe5 dxe5 11. Qe1 Nd4 12. Be2 Bxf3 13. gxf3 Qd6 14. f4 exf4 15. h4 Qe5 16. Bd3 Rad8 17. Qg1 c6 18.
Qg5 Nd7 19. Rh3 Qxg5 20. hxg5 Ne5 21. Rdh1 Rh8 22. Rh4 b5 23. a3 a5 24. R1h3 b4 25. axb4 axb4 26. Na4 b3 27. Nc5 bxc2 28. Bxc2 f3 29.
Bd1 Ra8 30. Nb3 Ne6 31. Bc2 Nxg5 32. Rh1 h5 33. Nd4 Rhd8 34. Rd1 Ra1+ 35. Bb1 Rb8 0-1

[Event "*** Titled Tuesday Blitz"]
[Site "Chess.com"]
[Date "2020.05.19"]
[Round "2"]
[White "ChEsper99"]
[Black "pawel83"]
[Result "1-0"]
[WhiteElo "2032"]
[BlackElo "2356"]
[TimeControl "180+1"]
[EndTime "12:18:09 PDT"]
[Termination "ChEsper99 won by resignation"]

1. e4 e5 2. Nf3 Nc6 3. d4 exd4 4. Nxd4 Nf6 5. Nxc6 bxc6 6. Qe2 Qe7 7. Nc3 d5 8. exd5 Qxe2+ 9. Bxe2 cxd5 10. Nb5 Kd7 11. Bf4 Ne8 12. O-O-O c6 13. Bf3 Bd6 14. Nxd6 Nxd6 15. Bxd5 cxd5 16. Rxd5 Ke6 17. Rxd6+ Kf5 18. Bg3 Be6 19. Re1 g5 20. b3 Rhc8 21. c4 a5 22. a4 Ra7 23. Kc2 h5 24. h3 Rb7 25. Re5+ Kg6 26.
Rxa5 h4 27. Be5 Re7 28. Bd4 f6 29. Ra7 Bf5+ 30. Kd2 Rxa7 31. Bxa7 Kf7 32. c5 g4 33.
hxg4 Bxg4 34. c6 Re8 35. Be3 Rb8 36. Kc3 Be6 37. b4 Ke7 38. Bc5 Rg8 39. c7 Kf7 40.
Rd8 Rxg2 41. c8=Q Bxc8 42. Rxc8 h3 43. Rh8 h2 44. a5 Kg7 1-0

[Event "*** Titled Tuesday Blitz"]
[Site "Chess.com"]
[Date "2020.05.19"]
[Round "2"]
[White "Shukh_Nikolay"]
[Black "VerdeNotte"]
[Result "0-1"]
[WhiteElo "2524"]
[BlackElo "2822"]
[TimeControl "180+1"]
[EndTime "12:18:10 PDT"]
[Termination "VerdeNotte won by resignation"]

1. e4 e5 2. Nf3 Nc6 3. Bb5 a6 4.
Ba4 d6 5. c3 Bd7 6. d4 g6 7. d5 Nce7 8. c4 b5 9. Bb3 Bg7 10. Nc3 Nf6 11. Qe2 O-O 12. O-O b4 13. Nd1 Ne8 14. a3 a5 15. axb4 axb4 16. Rxa8 Qxa8 17.
Bd2 h6 18. Ne3 Nf6 19. Nc2 Nh5 20. Bxb4 Nf4 21. Qd2 f5 22. c5 fxe4 23. Nfe1 Qa6 24. Ne3 Bb5 25. g3 Nh3+ 26. Kg2 Bxf1+ 27. Nxf1 Rxf2+ 28. Qxf2 Nxf2 29. Kxf2 Qb5 30. Nc2 dxc5 31. d6+ Kf8 32. dxe7+ Kxe7 33. Nfe3 cxb4 34. Nxb4 c6 0-1

[Event "*** Titled Tuesday Blitz"]
[Site "Chess.com"]
[Date "2020.05.19"]
[Round "2"]
[White "ORS1984"]
[Black "ecwinslow"]
[Result "1-0"]
[WhiteElo "2448"]
[BlackElo "2216"]
[TimeControl "180+1"]
[EndTime "12:18:10 PDT"]
[Termination "ORS1984 won by resignation"]

1. e4 c5 2. Nf3 d6 3. d4 cxd4 4. Qxd4 Nc6 5. Qe3 g6 6. Be2 Bg7 7. h3 Nf6 8. O-O Be6 9. Rd1 O-O 10. c4 Qc7 11. Nc3 a6 12. Bd2 Rac8 13. Rac1 Rfe8 14. b3 Qb8 15. Qf4 Nd7 16. Qh4 Nce5 17. Ng5 Nf8 18. f4 Nc6 19. Be3 Bd7 20. Nd5 b5 21. Nb6 Rc7 22.
Nxd7 Nxd7 23. Qxh7+ Kf8 24. f5 Nf6 25. Qh4 Ne5 26. fxg6 Nxg6 27. Qf2 Ne5 28. cxb5 axb5 29. Rxc7 Qxc7 30. Rf1 Qc6 31. Bd4 Kg8 32. Bh5 Nxh5 33. Bxe5 Nf6 34. Bxf6 Bxf6 35. Qf5 Bxg5 36. Qxg5+ Kf8 37.
Qh6+ Kg8 38. Rf3 Qc5+ 39. Kh2 Qe5+ 40. Rg3+ 1-0

[Event "*** Titled Tuesday Blitz"]
[Site "Chess.com"]
[Date "2020.05.19"]
[Round "2"]
[White "stasiek18"]
[Black "spela91"]
[Result "1-0"]
[WhiteElo "2378"]
[BlackElo "2032"]
[TimeControl "180+1"]
[EndTime "12:18:10 PDT"]
[Termination "stasiek18 won by resignation"]

1. e4 c5 2. b4 b6 3. bxc5 bxc5 4. Bb2 Nc6 5. Nf3 Qb6 6. Bc3 Nf6 7. d3 g6 8. Nbd2 Bg7 9. Rb1 Qc7 10. g3 O-O 11. Bg2 d5 12. exd5 Nxd5 13. Bxg7 Kxg7 14. Qc1 Bg4 15. O-O Nc3 16. Qb2 Qa5 17. Nc4 Qb4 18.
Qa1 Qa4 19. Qxc3+ f6 20. Rb7 Rab8 21. Rfb1 Qa6 22. Rxb8 Rxb8 23. Rxb8 Nxb8 24. Qb2 Nc6 25. h3 Bxf3 26. Bxf3 Nd4 27. Bb7 Qe6 28. Ne3 Qxh3 29. c3 Ne6 30. Bc8 Kf7 31. Qb3 h5 32. Nd5 h4 33. Nf4 Qg4 34. Bxe6+ 1-0

[Event "*** Titled Tuesday Blitz"]
[Site "Chess.com"]
[Date "2020.05.19"]
[Round "2"]
[White "MusicCityMaster"]
[Black "luizwas"]
[Result "0-1"]
[WhiteElo "2336"]
[BlackElo "1821"]
[TimeControl "180+1"]
[EndTime "12:18:10 PDT"]
[Termination "luizwas won by resignation"]

1. e4 e6 2. d4 d5 3. Nc3 Nf6 4. e5 Nfd7 5. Nce2 c5 6. c3 Nc6 7.
Nf3 Qb6 8. Nf4 Be7 9. a3 cxd4 10. cxd4 O-O 11. Bd3 Kh8 12. h4 Nxd4 13. Ng5 h6 14.
Be3 Qxb2 15. Rb1 Qc3+ 16. Bd2 Qxa3 17. Rh3 Nxe5 18. Kf1 Nxd3 19. Rxd3 Qa6 20. Kg1 e5 21. Qh5 exf4 22. Rxd4 Qg6 23. Qd1 hxg5 24. hxg5 Bxg5 25. Bc3 Bg4 26. f3 Bxf3 27. gxf3 Bf6+ 28. Kf1 Bxd4 29. Bxd4 Qg3 30. Rb2 Qh3+ 31. Rg2 Kg8 32. Bxg7 Kh7 33. Qd3+ f5 34. Qxd5 Rg8 35. Qf7 Qxg2+ 36. Kxg2 Rxg7+ 37. Qxg7+ Kxg7 0-1

[Event "*** Titled Tuesday Blitz"]
[Site "Chess.com"]
[Date "2020.05.19"]
[Round "2"]
[White "Asteroxylon"]
[Black "Borsuk_Konstantin"]
[Result "1-0"]
[WhiteElo "2451"]
[BlackElo "2633"]
[TimeControl "180+1"]
[EndTime "12:18:12 PDT"]
[Termination "Asteroxylon won by checkmate"]

1. e4 e6 2. d4 d5 3. Bd3 Nf6 4.
e5 Nfd7 5. c3 c5 6. f4 Nc6 7.
Nf3 cxd4 8. cxd4 f5 9. O-O Be7 10. Nc3 O-O 11. Be3 a6 12. a3 b5 13. Kh1 Nb6 14. Qe2 b4 15. axb4 Nxb4 16. Bb1 a5 17.
Rg1 Ba6 18. Qf2 Bd3 19. Bxd3 Nxd3 20. Qe2 Nb4 21. g4 Nc4 22. Bc1 fxg4 23. Rxg4 Rf5 24. b3 Nb6 25. Be3 Rc8 26. Bd2 Nd7 27. Rag1 g6 28.
Nd1 Nf8 29. Ne3 Rf7 30. h4 Nc2 31. h5 Nxe3 32. Bxe3 Qb6 33. Qd3 Rb8 34. hxg6 hxg6 35.
Rxg6+ Kh8 36. Rg8# 1-0